AoeStats
← l3141516

Oasis

509779986Analyzed
4v4 RM · 5d ago on Sep 28, 2026· 30m 45s· 8 players
Game mode
Random Map
Map size
Large (8 player)
Population
200
Speed
Normal
Resources
Standard
Victory
Conquest
Starting age
Dark Age
Ending age
Imperial Age
RankedLock teamsTeams togetherTeam positionsShared explorationLock speedFull tech treeHidden civsTurbo modeCheats
Victory
Defeat
🇨🇱 Huns · Chile
853
+13
🇦🇷 Mongols · Argentina
829
+18
🇵🇪 Khmer · Peru
805
+15
🇨🇱 Goths · Chile
792
+15
🇺🇸 Celts · United States
793
-15
🇺🇸 Lithuanians · United States
792
-15
🇺🇸 Khmer · United States
779
-14
🇺🇸 Romans · United States
762
-13
ChileAvaria
13:08 Feudal Age
11:29 Loom
17:39 Castle Age
19:52 Fletching
23:29 Bodkin Arrow
HANSLANDA
7:34 Loom
13:34 Feudal Age
18:37 Castle Age
20:16 Horse Collar
20:23 Double-Bit Axe
26:23 Stone Mining
26:25 Gold Mining
27:52 Heavy Plow
30:24 Squires
29:45 Pikeman
V-Kan
8:34 Loom
11:04 Feudal Age
12:01 Horse Collar
12:13 Double-Bit Axe
14:10 Wheelbarrow
18:40 Town Watch
21:20 Castle Age
19:36 Bloodlines
20:10 Gold Mining
20:10 Stone Mining
22:13 Heavy Plow
22:27 Bow Saw
26:28 Hand Cart
28:23 Town Patrol
l3141516
1:03 Loom
12:30 Feudal Age
17:47 Town Watch
21:42 Castle Age
23:09 Horse Collar
28:43 Caravan
Palpatine3209
9:00 Loom
10:47 Feudal Age
12:28 Wheelbarrow
11:41 Town Watch
24:57 Bloodlines
jtm4518
4:47 Loom
12:07 Feudal Age
12:37 Double-Bit Axe
12:44 Man-at-Arms
14:21 Horse Collar
21:44 Wheelbarrow
21:28 Gold Mining
25:24 Castle Age
24:30 Stone Mining
25:25 Arson
26:40 Bow Saw
26:26 Long Swordsman
26:53 Gambesons
27:33 Forging
Axmanderson
7:17 Loom
12:31 Feudal Age
12:57 Double-Bit Axe
13:40 Horse Collar
19:32 Castle Age
Sherry8487
5:42 Loom
10:54 Feudal Age
13:11 Double-Bit Axe
18:46 Castle Age
21:26 Wheelbarrow
21:15 Horse Collar
25:44 Squires
25:52 Man-at-Arms
26:37 Scale Mail Armor
26:33 Long Swordsman
28:04 Forging
29:34 Hand Cart
Connection lost

Rejoining the realm…

Still unreachable

The connection could not be restored.

Session expired

The server has moved on; the page needs a fresh start.